 Dungeon Crawl Stone Soup version 0.22-a0-240-g539252a (console) character file.

32 Duffy the Sneak (level 3, -2/28 HPs)
             Began as a Naga Fire Elementalist on Feb 22, 2018.
             Slain by an ooze (4 damage)
             ... on level 1 of the Dungeon.
             The game lasted 00:01:18 (502 turns).

Duffy the Sneak (Naga Fire Elementalist)             Turns: 502, Time: 00:01:18

Health: -2/28      AC:  2    Str: 10    XL:     3   Next: 27%
Magic:  0/6        EV: 10    Int: 16    God:
Gold:   12         SH:  0    Dex: 11    Spells: 2/6 levels left

rFire    . . .     SeeInvis +   i - +0 spear
rCold    . . .     Gourm    .   (no shield)
rNeg     . . .     Faith    +   a - +0 robe
rPois    +         Spirit   .   (no helmet)
rElec    .         Reflect  .   (no cloak)
rCorr    .         Harm     .   (no gloves)
MR       .....                  (no barding)
Stlth    ++........             f - amulet of faith
HPRegen  0.09/turn              h - ring of flight
MPRegen  0.10/turn              (no ring)

@: very slow
A: large, see invisible, deformed body, poison resistance, slowness 2, slow
metabolism 1, spit poison 1, AC +1
a: Spit Poison, Evoke Flight


You were on level 1 of the Dungeon.
You were not hungry.

You visited 1 branch of the dungeon, and saw 1 of its levels.

You collected 12 gold pieces.

Inventory:

Hand Weapons
 i - a +0 spear (weapon)
Armour
 a - a +0 robe (worn)
Jewellery
 f - an amulet of faith (around neck)
 h - a ring of flight (left hand)
Scrolls
 d - a scroll of fear {unknown}
 e - 2 scrolls of identify {unknown}
 j - a scroll of noise {unknown}
Potions
 g - a potion of ambrosia {unknown}
Comestibles
 b - 2 rations
 c - 5 chunks of flesh


   Skills:
 - Level 1.5 Dodging
 - Level 3.0 Stealth
 + Level 2.0 Spellcasting
 + Level 3.0 Conjurations
 + Level 3.0 Fire Magic


You had 2 spell levels left.
You knew the following spells:

 Your Spells              Type           Power        Failure   Level  Hunger
a - Flame Tongue          Conj/Fire      ##...        6%          1    #......
l - Conjure Flame         Conj/Fire      ##......     19%         3    ###....


Dungeon Overview and Level Annotations

Branches:
Dungeon (1/15)

Altars:


Innate Abilities, Weirdness & Mutations

You cannot wear boots.
Your serpentine skin is tough. (AC +1)
You have supernaturally acute eyesight. (SInv)
Armour fits poorly on your strangely shaped body.
Your system is resistant to poisons. (rPois)
You cover ground very slowly.
You have a slow metabolism.
You can spit poison.


Message History

The giant cockroach closely misses you. The giant cockroach closely misses you.
Press: ? - help, Shift-Dir - straight line, f - giant cockroach
Aim: a giant cockroach (clinging)
The splash of poison hits the giant cockroach.
The giant cockroach is poisoned.
The giant cockroach is severely wounded.
You feel slightly more hungry. The giant cockroach bites you.
You barely miss the giant cockroach.
The giant cockroach is almost dead.
You kill the giant cockroach!
Cast which spell? (? or * to list)
Aiming: Flame Tongue (safe; 6% risk of failure)
Press: ? - help, Shift-Dir - straight line, f - ooze
Aim: an ooze The flame tongue hits the ooze.
The ooze is heavily wounded.
You have got your breath back.
The ooze hits you.
You die...

~~~~~~~~...........###.#
########...........##...
# ##.######.#...... ..
#.# .###....
###.##########.# #....
.......#.....#.# ##...
#....).....g).# ####
........(###J#.# #
.##.##.### #@#.# # # #.
#.#.# ###### #. #.#.#
....... .##.#####.#.#
####### ............#
....#.......#
..........#.### #
....#.##......##### # .
##.###.##......~.... #


You could see an ooze and a goblin.

Vanquished Creatures
  A gnoll (D:1)
  2 dart slugs (D:1)
  A giant cockroach (D:1)
  3 goblins (D:1)
  4 hobgoblins (D:1)
  4 kobolds (D:1)
  A ball python (D:1)
  A bat (D:1)
  A rat (D:1)
18 creatures vanquished.

Notes
Turn   | Place    | Note
-------+----------+-------------------------------------------
     0 | D:1      | Duffy the Naga Fire Elementalist began the quest for the Orb.
     0 | D:1      | Reached XP level 1. HP: 15/15 MP: 3/3
   136 | D:1      | Reached XP level 2. HP: 17/22 MP: 0/5
   273 | D:1      | Reached XP level 3. HP: 22/28 MP: 0/6
   347 | D:1      | Learned a level 3 spell: Conjure Flame
   502 | D:1      | Slain by an ooze

Vault maps used:
D:1:      dpeg_arrival_chase, serial_bayou_pond_d

Skill      XL: |  1  2  3 |
---------------+----------+-----
Conjurations   | 2 3 |  3.0
Dodging        | |  1.5
Stealth        | |  3.0
Spellcasting   | |  2.0
Fire Magic     | |  3.0

Action                   || total
-------------------------++-------
Melee: Spear             ||     1
 Cast: Flame Tongue      ||    24
 Abil: Spit Poison       ||     8
Armor: Robe              ||     3
Dodge: Dodged            ||    22

Table legend:
 A = Spawn XP
 B = Non-spawn XP
 C = Spawn XP percentage of total XP
 D = Spawn monster count
 E = Non-spawn monster count
 F = Spawn count percentage of total count
 G = Total turns spent on level
                    A         B        C        D         E        F      G
               +---------+---------+-------+---------+---------+-------+---------
         Total |       0 |      47 |   0.0 |       0 |      18 |   0.0 |   502
               +---------+---------+-------+---------+---------+-------+---------
           D:1 |       0 |      47 |   0.0 |       0 |      18 |   0.0 |   502
               +---------+---------+-------+---------+---------+-------+---------
